 Dungeon Crawl Stone Soup version 0.30.0 (webtiles) character file.

Game seed: 16553684000025200718

16774 Jonnyslop the Fencer (level 12, -2/112 HPs)
             Began as a Minotaur Fighter on May 15, 2023.
             Was a High Priest of Okawaru.
             Slain by a cyclops (18 damage)
             ... on level 11 of the Dungeon on May 16, 2023.
             The game lasted 00:24:51 (8727 turns).

Jonnyslop the Fencer (Minotaur Fighter)             Turns: 8727, Time: 00:24:51

Health: -2/112     AC: 18    Str: 26    XL:     12   Next: 13%
Magic:  16/16      EV:  7    Int: 11    God:    Okawaru [*****.]
Gold:   940        SH:  0    Dex: 10    Spells: 11/11 levels left

rFire   . . .        m - +9 great sword (flame)
rCold   . . .        (shield currently unavailable)
rNeg    . . .        t - +0 plate armour
rPois   +            (helmet restricted)
rElec   .            z - +0 cloak
rCorr   +            (no gloves)
SInv    .            g - +1 pair of boots
Will    .....        c - amulet of regeneration Stlth
                     r - ring of Hukly {Fly rPois Int+6 Stlth+}
HPRegen 1.18/turn    C - ring of resist corrosion
MPRegen 0.15/turn

%: no passive effects
@: flying
A: horns 2, retaliatory headbutt
a: Renounce Religion, Heroism, Finesse, Duel


You were on level 11 of the Dungeon.
You worshipped Okawaru.
Okawaru was extremely pleased with you.
You visited 2 branches of the dungeon, and saw 12 of its levels.
You also visited: Bailey.

You collected 940 gold pieces.

Inventory:

Hand Weapons
 m - a +9 great sword of flaming (weapon)
 q - a +2 long sword
 K - a +0 great sword
Missiles
 d - 2 curare-tipped darts
 e - 4 atropa-tipped darts
 f - 41 poisoned darts (quivered)
 u - 6 javelins
Armour
 g - a +1 pair of boots (worn)
 t - a +0 plate armour (worn)
 z - a +0 cloak (worn)
Jewellery
 c - an amulet of regeneration (around neck)
 r - the ring of Hukly (left hand) {Fly rPois Int+6 Stlth+}
   (You took it off a centaur on level 8 of the Dungeon)

   [ring of intelligence]

   Int:       It affects your intelligence (+6).
   rPois:     It protects you from poison.
   Fly:       It grants you flight.
   Stlth:     It makes you more stealthy.
 C - a ring of resist corrosion (right hand)
 H - an amulet of guardian spirit
Wands
 b - a wand of charming (22)
 B - a wand of iceblast (18)
 I - a wand of mindburst (3)
Scrolls
 k - 3 scrolls of teleportation
 o - 2 scrolls of fear
 y - a scroll of poison
 F - 6 scrolls of enchant armour
 G - 2 scrolls of enchant weapon
 J - a scroll of magic mapping
Potions
 a - 2 potions of lignification
 h - a potion of cancellation {unknown}
 i - a potion of berserk rage
 j - 6 potions of attraction
 l - 2 potions of magic {unknown}
 n - 5 potions of brilliance
 p - 5 potions of curing
 s - 3 potions of resistance
 v - 4 potions of flight {unknown}
 w - 4 potions of mutation {unknown}
 x - 2 potions of invisibility {unknown}
 A - 4 potions of haste {unknown}
 E - 2 potions of might


   Skills:
 + Level 12.2 Fighting
 * Level 16.5 Long Blades
 + Level 9.6 Armour
 - Level 3.6 Shields
 + Level 7.4 Invocations


You had 11 spell levels left.
You didn't know any spells.
Your spell library contained the following spells:

 Spells                   Type           Power      Damage    Failure   Level
 Apportation              Tloc           0%         N/A       98%         1
 Foxfire                  Conj/Fire      0%         2x1d4     98%         1
 Magic Dart               Conj           0%         1d3       98%         1
 Necrotise                Necr           0%         1d4       98%         1
 Searing Ray              Conj           0%         2d4       99%         2
 Dazzling Flash           Conj/Hex       0%         N/A       100%        3
 Volatile Blastmotes      Fire/Tloc      0%         2d10      100%        3
 Fulminant Prism          Conj/Hex       0%         3d5       100%        4
 Iskenderun's Mystic Bla  Conj/Tloc      0%         2d3       100%        4
 Fireball                 Conj/Fire      0%         3d3       100%        5
 Iskenderun's Battlesphe  Conj           0%         2d6       100%        5
 Conjure Ball Lightning   Conj/Air       0%         3x3d6     100%        6
 Plasma Beam              Fire/Air       0%         2x1d11    100%        6
 Starburst                Conj/Fire      0%         6d3       100%        6
 Orb of Destruction       Conj           0%         9d5       100%        7
 Summon Small Mammal      Summ           Unusable   N/A       N/A         1

Dungeon Overview and Level Annotations

Branches:
Dungeon (11/15)            Temple (1/1) D:6            Lair (0/5) D:10
    Orc (0/2) D:10         Bailey (visited)

Altars:
Ashenzari
Cheibriados
Dithmenos
Elyvilon
Fedhas
Gozag
Hepliaklqana
Kikubaaqudgha
Makhleb
Nemelex Xobeh
Okawaru
Qazlal
Ru
Sif Muna
Trog
Uskayaw
Vehumet
Wu Jian
Xom
Yredelemnul
Zin
The Shining One

Shops:
D:10 [(

Portals:
Sewer: D:3


Innate Abilities, Weirdness & Mutations

You have a pair of horns on your head.
You reflexively headbutt those who attack you in melee.


Message History

The killer bee stings you. x2
You barely miss the killer bee.
You headbutt the killer bee, but do no damage.
The killer bee is almost dead.
The killer bee stings you but does no damage.
The killer bee barely misses you.
You closely miss the killer bee. Your headbutt misses the killer bee.
The killer bee is almost dead.
The killer bee stings you.
The killer bee stings you but does no damage.
A komodo dragon comes into view.
The killer bee stings you.
You closely miss the killer bee.
The komodo dragon hisses angrily.
Your headbutt misses the killer bee.
The killer bee is almost dead.
The killer bee stings you but does no damage.
The killer bee stings you.
You closely miss the killer bee.
The killer bee is almost dead.
The killer bee closely misses you. You furiously retaliate!
You headbutt the killer bee!
You kill the killer bee!
Okawaru accepts your kill. The wyvern barely misses you.
You slash the wyvern! You burn the wyvern.
The wyvern is severely wounded.
You feel yourself speed up. The wyvern barely misses you. The wyvern bites you!
* * * LOW HITPOINT WARNING * * *
You slash the wyvern! You burn the wyvern.
You kill the wyvern!
Okawaru accepts your kill. The cyclops hits you!!
* * * LOW HITPOINT WARNING * * *
Items here: $ ( )) †††††.
You slash the cyclops! You burn the cyclops.
The cyclops is moderately wounded.
The cyclops hits you!!
You die...

...####.....###########...
#...........# #...
#..<........# #... #
#..........+ #... #
#..........# #... ####+##
#..........#### ###...
.......................
.......
[..........!....#######
####### ...............#@#
...^...........##C#
...............# #C#
#######........# #l#
#.....#........# #.#
#.....######+#. #.#
'............#. #.#
#............# #.
#.#####......#


You could see 2 cyclopes and a komodo dragon.

Vanquished Creatures
  A hydra (D:8)
  3 two-headed ogres
  A tengu warrior (D:11)
  Nergalle (D:9)
  2 cyclopes (D:11)
  2 ugly things
  2 manticores (D:11)
  Maurice (D:8)
  Maggie (D:10)
  A gargoyle (D:10)
  A kobold demonologist (D:11)
  Psyche (D:9)
  An unseen horror (D:11)
  3 komodo dragons (D:11)
  3 trolls
  Grinder (D:6)
  Sigmund (D:6)
  A shadow (D:11)
  A vampire (D:11)
  2 wyverns
  2 yaks
  Grum (D:9)
  A basilisk (D:11)
  Menkaure (D:6)
  3 water moccasins (D:6)
  4 black bears
  12 orc warriors
  A sky beast (D:7)
  4 wolves (D:9)
  4 centaurs
  A phantom (D:6)
  6 kobold brigands
  2 gnoll sergeants
  3 scorpions
  22 wights
  17 killer bees
  2 howler monkeys (D:8)
  3 hounds
  2 jellies
  2 orc priests
  2 sleepcaps
  Crazy Yiuf (D:6)
  A gnoll bouda (D:5)
  4 iguanas
  9 orc wizards
  Robin (D:2)
  10 adders
  12 gnolls
  2 river rats (D:3)
  A shadow imp (D:6)
  A white imp (D:6)
  An ufetubus (D:4)
  2 worms (D:3)
  59 orcs
  8 ball pythons
  6 bats
  5 endoplasms
  7 giant cockroaches
  14 goblins
  12 hobgoblins
  7 jackals
  A quokka (D:1)
  7 frilled lizards
  35 kobolds
  3 rats
334 creatures vanquished.

Notes
Turn   | Place    | Note
-------+----------+-------------------------------------------
     0 | D:1      | Jonnyslop the Minotaur Fighter began the quest for the Orb.
     0 | D:1      | Reached XP level 1. HP: 19/19 MP: 0/0
   179 | D:1      | Reached skill level 3 in Long Blades
   195 | D:1      | Reached XP level 2. HP: 27/27 MP: 1/1
   801 | D:2      | Reached skill level 4 in Long Blades
   801 | D:2      | Reached XP level 3. HP: 33/33 MP: 2/2
   923 | D:2      | Found a faded altar of an unknown god.
   998 | D:2      | Noticed Robin
  1008 | D:2      | Killed Robin
  1102 | D:2      | Reached XP level 4. HP: 22/41 MP: 3/3
  1635 | D:3      | Reached skill level 5 in Long Blades
  1880 | D:3      | Identified a scroll of acquirement
  1880 | D:3      | Acquired a +3 great sword of venom
  1886 | D:3      | Reached XP level 5. HP: 38/47 MP: 4/4
  2108 | D:3      | Reached skill level 5 in Fighting
  2142 | D:3      | Found a glowing drain.
  2338 | D:3      | Acquired an amulet of regeneration
  2365 | D:4      | Reached skill level 6 in Long Blades
  2715 | D:4      | Found a basalt altar of Yredelemnul.
  2775 | D:4      | Identified the +4 rapier of Disharmony {venom, *Noise
                  | Str+8}
  2954 | D:5      | Entered Level 5 of the Dungeon
  2964 | D:5      | Reached XP level 6. HP: 56/56 MP: 5/5
  2993 | D:5      | Found a burning altar of Makhleb.
  3076 | D:5      | Found an ancient bone altar of Kikubaaqudgha.
  3143 | D:5      | Found a shimmering altar of Xom.
  3271 | D:5      | Found a hide-covered altar of Uskayaw.
  3325 | D:5      | Reached skill level 7 in Long Blades
  3586 | D:5      | Reached XP level 7. HP: 54/63 MP: 6/6
  3589 | D:5      | Reached skill level 8 in Long Blades
  3674 | D:6      | Noticed Menkaure
  3976 | D:6      | Killed Menkaure
  4008 | D:6      | Reached skill level 9 in Long Blades
  4021 | D:6      | Noticed Grinder
  4027 | D:6      | Reached XP level 8. HP: 73/73 MP: 7/7
  4036 | D:6      | Killed Grinder
  4037 | D:6      | Reached skill level 10 in Long Blades
  4066 | D:6      | Noticed Sigmund
  4073 | D:6      | Killed Sigmund
  4078 | D:6      | Reached skill level 11 in Long Blades
  4135 | D:6      | Found a staircase to the Ecumenical Temple.
  4144 | Temple   | Entered the Ecumenical Temple
  4188 | Temple   | Became a worshipper of Warmaster Okawaru
  4269 | D:6      | Reached skill level 1 in Invocations
  4269 | D:6      | Reached XP level 9. HP: 82/82 MP: 8/8
  4486 | D:6      | Found a runed translucent door.
  4487 | D:6      | Noticed Crazy Yiuf
  4491 | D:6      | Killed Crazy Yiuf
  4843 | D:7      | Reached skill level 12 in Long Blades
  4861 | D:7      | Reached * piety under Okawaru
  5014 | D:7      | Reached skill level 5 in Armour
  5381 | D:8      | Noticed Maurice
  5395 | D:8      | Killed Maurice
  5395 | D:8      | Reached ** piety under Okawaru
  5404 | D:8      | Identified the +0 helmet "Aceckiew" {Int+3}
  5468 | D:8      | Noticed a five-headed hydra
  5470 | D:8      | Noticed a green ugly thing
  5473 | D:8      | Identified the ring of Hukly {Fly rPois Int+6 Stlth+}
  5494 | D:8      | Killed a green ugly thing
  5495 | D:8      | Reached skill level 13 in Long Blades
  5495 | D:8      | Reached XP level 10. HP: 48/93 MP: 11/11
  5499 | D:8      | Killed a one-headed hydra
  5500 | D:8      | Reached skill level 10 in Fighting
  5501 | D:8      | Reached *** piety under Okawaru
  5898 | D:8      | Found a sparkling altar of Nemelex Xobeh.
  5979 | D:9      | Noticed a two-headed ogre
  5988 | D:9      | Killed a two-headed ogre
  6027 | D:9      | Reached skill level 14 in Long Blades
  6057 | D:9      | Reached **** piety under Okawaru
  6060 | D:9      | Reached skill level 5 in Invocations
  6129 | D:9      | Noticed Grum
  6143 | D:9      | Found a flagged portal.
  6166 | D:9      | Killed Grum
  6293 | D:9      | Noticed Psyche
  6298 | D:9      | Killed Psyche
  6502 | Bailey   | Entered a bailey
  6890 | Bailey   | Reached ***** piety under Okawaru
  6891 | Bailey   | Reached XP level 11. HP: 94/101 MP: 14/14
  7237 | D:10     | Entered Level 10 of the Dungeon
  7257 | D:10     | Noticed Nergalle
  7382 | D:9      | Killed Nergalle
  7534 | D:10     | Found Cegugh's Weapon Emporium.
  7537 | D:10     | Found a staircase to the Orcish Mines.
  7539 | D:10     | Found Ylidid's Armour Emporium.
  7540 | D:10     | Noticed Maggie
  7548 | D:10     | Killed Maggie
  7622 | D:10     | Found a stormy altar of Qazlal.
  7622 | D:10     | Found a bloodstained altar of Trog.
  7667 | D:10     | Found a staircase to the Lair.
  7670 | D:10     | Reached skill level 15 in Long Blades
  7709 | D:10     | Noticed a two-headed ogre
  7716 | D:10     | Killed a two-headed ogre
  7716 | D:10     | Received a gift from Okawaru
  7829 | D:10     | Identified the +0 robe of the Komodo Dragon {rPois Int+3}
  8158 | D:11     | Found a shimmering altar of Xom.
  8279 | D:11     | Noticed a two-headed ogre
  8287 | D:11     | Killed a two-headed ogre
  8505 | D:11     | Noticed a tengu warrior
  8514 | D:11     | Killed a tengu warrior
  8515 | D:11     | Reached skill level 16 in Long Blades
  8618 | D:10     | Reached XP level 12. HP: 109/112 MP: 16/16
  8727 | D:11     | Slain by a cyclops

Illustrated notes

Levels and vault maps discovered:
D:1:      dpeg_arrival_tiny_d, layout_basic
D:2:      layout_loops_cross, basic_ecumenical_altar,
          dreamdust_princess_corridor, uniq_robin
D:3:      layout_rooms, portal_sewer_entry_e
D:4:      layout_rooms, mainiacjoe_overflow_24_doors, minmay_misc_feat_cross
D:5:      layout_basic, mainiacjoe_overflow_paths,
          mainiacjoe_overflow_six_doors_small, nicolae_uskayaw_dance_hall,
          lemuel_tele_altar
D:6:      layout_rooms, minmay_temple_entry_crystal_x, minmay_crossroads,
          uniq_sigmund, uniq_grinder, uniq_menkaure, uniq_crazy_yiuf_cottage
D:7:      layout_layer_cave
D:8:      layout_basic, nemelex_diamond_rough_becter, minmay_radiant,
          uniq_maurice
D:9:      layout_rooms, enter_bailey_5, kennysheep_doodads,
          minmay_parallelograms, uniq_psyche, uniq_grum
D:10:     layout_gridville, minitemple, orc_david_3, minmay_misc_feat_iff,
          minmay_misc_feat_encased, uniq_maggie, uniq_nergalle
D:11:     minmay_imperfect_grid, layout_irregular_city, xom_teletrap_fun
Temple:   nicolae_temple_ecumenical_triangle

Skill      XL: |  1  2  3  4  5  6  7  8  9 10 11 |
---------------+----------------------------------+-----
Long Blades    | 3 4 5 6 7 9 11 13 14 16 | 16.5
Fighting       | 4 5 6 7 8 9 10 12 | 12.2
Armour         | 4 6 7 9 |  9.6
Invocations    | 1 3 5 7 |  7.4
Shields        | |  3.6

Action                     |  1- 3 |  4- 6 |  7- 9 | 10-12 || total
---------------------------+-------+-------+-------+-------++-------
  Melee: Long sword        |   107 |    51 |       |       ||   158
         Headbutt          |    11 |    19 |    28 |    58 ||   116
         Great sword       |       |    77 |   167 |   345 ||   589
    Use: Scroll            |       |    15 |     6 |     8 ||    29
         Potion            |       |       |     4 |     4 ||     8
 Armour: Scale mail        |    58 |    44 |       |       ||   102
         Plate armour      |       |    24 |   122 |   367 ||   513
  Dodge: Dodged            |    53 |    67 |    70 |   180 ||   370
  Block: Buckler           |    39 |     5 |       |       ||    44
